 Dungeon Crawl Stone Soup version 0.19-a0-1678-g8ce114c (webtiles) character file.

27 Deemzul the Twirler (level 2, -2/22 HPs)
             Began as a Demonspawn Gladiator on Sept 24, 2016.
             Killed from afar by a white imp (3 damage)
             ... with a puff of frost
             ... summoned by Natasha
             ... on level 2 of the Dungeon.
             The game lasted 00:01:00 (847 turns).

Deemzul the Twirler (Demonspawn Gladiator)           Turns: 847, Time: 00:01:02

Health: -2/22      AC:  4    Str: 15    XL:     2   Next: 93%
Magic:  2/2        EV: 13    Int:  9    God:
Gold:   57         SH:  0    Dex: 13    Spells: 0 memorised, 1 level left

rFire  . . .     SeeInvis .     a - +0 quarterstaff
rCold  . . .     Gourm    .     b - +0 leather armour
rNeg   . . .     Faith    .     (shield currently unavailable)
rPois  .         Spirit   .     (helmet restricted)
rElec  .         Dismiss  .     m - +0 cloak
rCorr  .         Reflect  .     (no gloves)
MR     .....     Harm     .     (no boots)
Stlth  +.........               (no amulet)
                                (no ring)
                                (no ring)

@: no status effects
A: antennae 1
a: no special abilities


You were on level 2 of the Dungeon.
You were not hungry.

You visited 1 branch of the dungeon, and saw 2 of its levels.

You collected 57 gold pieces.

Inventory:

Hand Weapons
 a - a +0 quarterstaff (weapon)
Missiles
 d - 3 throwing nets (quivered)
Armour
 b - a +0 leather armour (worn)
 c - a +0 helmet
 m - a +0 cloak (worn)
Jewellery
 i - an uncursed ring of ice
Scrolls
 e - a scroll of identify {unknown}
 g - a scroll of blinking {unknown}
 h - a scroll of recharging {unknown}
 j - a scroll of magic mapping {unknown}
 l - a scroll of enchant armour {unknown}
Comestibles
 f - 2 bread rations
 k - a meat ration


   Skills:
 + Level 2.1 Fighting
 + Level 3.1 Staves
 - Level 1.9 Throwing
 + Level 0.3 Armour
 + Level 3.1 Dodging
 - Level 0.2 Stealth


You had one spell level left.
You didn't know any spells.

Dungeon Overview and Level Annotations

Branches:
Dungeon (2/15)

Altars:

Annotations:
D:2 Natasha


Innate Abilities, Weirdness & Mutations

You have a pair of small antennae on your head.


Message History

You closely miss Natasha. The white imp misses you. Natasha claws you.
The goblin closely misses you.
Unknown command.
Natasha casts a spell at you. The magic dart hits you!
* * * LOW HITPOINT WARNING * * *
Natasha howls an incantation.
You feel disoriented. The white imp gestures at you.
The puff of frost hits you!
* * * LOW HITPOINT WARNING * * *
Natasha stares at you and mumbles some strange words.
You feel yourself slow down.
It was a potion of cancellation.
Your magical effects are unravelling.
You feel magically purged.
You feel yourself speed up. The white imp gestures at you.
The puff of frost hits you!
You die...

#......#............
#.####.#....########
#..#.#.##.######
#..............#
#....#.##.####.#
#....#.##.####<#######
#....#.##>............
#..h.#.##.######......
#######.g5.@.##........†....
#........#############).....
#.......g...................
#..........###########......
#..........# #......
#..........# #...(..
#....?.).### #......
#........# #......
#......... #######


You could see Natasha, a white imp and a goblin.

Vanquished Creatures
  An ooze (D:1)
  A dart slug (D:1)
  A giant cockroach (D:1)
  4 goblins
  2 hobgoblins (D:2)
  4 kobolds (D:1)
  2 bats
  2 frilled lizards (D:1)
  3 rats
20 creatures vanquished.

Notes
Turn   | Place    | Note
-------+----------+-------------------------------------------
     0 | D:1      | Deemzul the Demonspawn Gladiator began the quest for the Orb.
     0 | D:1      | Reached XP level 1. HP: 16/16 MP: 1/1
    55 | D:1      | Gained mutation: You have a pair of small antennae on your head. [demonic ancestry]
    55 | D:1      | Reached XP level 2. HP: 20/22 MP: 2/2
   832 | D:2      | Noticed Natasha
   845 | D:2      | HP: 1/22 [white imp/puff of frost[Natasha] (5)]
   847 | D:2      | Killed from afar by a white imp

Vault maps used:
D:1:      dpeg_arrival_chambers_temple_mockup
D:2:      ecumenical_altar_1, first_bread, uniq_natasha

Skill      XL: |  1  2 |
---------------+-------+-----
Dodging        | 3 |  3.1
Staves         | 3 |  3.1
Fighting       | |  2.1
Throwing       | |  1.9
Armour         | |  0.3
Stealth        | |  0.2

Action                   || total
-------------------------++-------
Melee: Quarterstaff      ||    50
  Use: Potion            ||     1
 Stab: Sleeping          ||     1
Armor: Leather armour    ||    11
Dodge: Dodged            ||    30
